 Dungeon Crawl Stone Soup version 0.21-a0-404-g291f19a (webtiles) character file.

56967 tilp the Thaumaturge (level 14, -2/79 HPs)
             Began as a Deep Elf Fire Elementalist on Oct 28, 2017.
             Was a High Priest of Vehumet.
             Killed from afar by a deep elf knight (10 damage)
             ... with an orb of energy
             ... on level 14 of the Dungeon.
             The game lasted 02:02:25 (32708 turns).

tilp the Thaumaturge (Deep Elf Fire Elementalist)  Turns: 32708, Time: 02:02:25

Health: -2/79      AC: 18    Str:  5    XL:     14   Next: 44%
Magic:  14/33      EV: 17    Int: 32    God:    Vehumet [*****.]
Gold:   528        SH:  0    Dex: 18    Spells: 6/40 levels left

rFire    + . .     SeeInvis .   Y - staff of fire
rCold    + + .     Gourm    .   (no shield)
rNeg     . . .     Faith    .   H - +0 acid dragon scales
rPois    .         Spirit   .   p - +2 helmet
rElec    +         Reflect  .   P - +4 cloak of the Game of Kings {+Inv rF+}
rCorr    +         Harm     .   (no gloves)
MR       +++..                  e - +1 pair of boots
Stlth    ++........             (no amulet)
HPRegen  0.23/turn              y - ring "Ofoag" {rElec rF- rC+ MR++ Dex+3}
MPRegen  0.23/turn              u - +4 ring of intelligence

@: no status effects
A: repulsion field 1, clever 1, cold resistance 1, frail 1
a: Renounce Religion, Evoke Invisibility


You were on level 14 of the Dungeon.
You worshipped Vehumet.
Vehumet was extremely pleased with you.
You were not hungry.

You visited 4 branches of the dungeon, and saw 22 of its levels.
You visited the Abyss 1 time.
You visited 1 bazaar.

You collected 1840 gold pieces.
You spent 1312 gold pieces at shops.

Inventory:

Hand Weapons
 a - the +5 scythe "Finisher" {speed, Str+3}
   (You found it on level 8 of the Dungeon)

   Attacks with this weapon are significantly faster.
   It affects your strength (+3).
 b - a +3 scimitar of flaming
Missiles
 g - 6 javelins (quivered)
Armour
 e - a +1 pair of boots (worn)
 p - a +2 helmet (worn)
 H - +0 acid dragon scales (worn)
 P - the +4 cloak of the Game of Kings (worn) {+Inv rF+}
   (You found it on level 3 of the Lair of Beasts)

   It protects you from fire.
   It lets you turn invisible.
Magical Staves
 Y - an uncursed staff of fire (weapon)
Jewellery
 k - the ring "Wyvene Acomy" {Str+3 SInv}
   (You found it in a bazaar)

   [ring of see invisible]

   It affects your strength (+3).
   It lets you see invisible.
 u - a +4 ring of intelligence (right hand)
 w - an uncursed ring of positive energy
 y - the ring "Ofoag" (left hand) {rElec rF- rC+ MR++ Dex+3}
   (You bought it in a shop on level 11 of the Dungeon)

   [ring of dexterity]

   It affects your dexterity (+3).
   It makes you vulnerable to fire.
   It protects you from cold.
   It insulates you from electricity.
   It affects your resistance to hostile enchantments.
 L - an uncursed amulet of the gourmand
Wands
 f - a wand of lightning (4/15)
 i - a wand of paralysis (8/24)
 j - a wand of polymorph (14/24)
 t - a wand of acid (3/15)
 B - a wand of digging (15/24)
 C - a wand of lightning (6/15)
 D - a wand of iceblast (11/15)
 E - a wand of confusion (10/48)
 V - a wand of acid (10/15)
Scrolls
 d - 6 scrolls of remove curse
 h - 2 scrolls of immolation {unknown}
 s - 9 scrolls of teleportation
 x - 2 scrolls of blinking
 A - a scroll of brand weapon {unknown}
 F - 4 scrolls of torment {unknown}
 I - a scroll of acquirement {unknown}
 J - 4 scrolls of recharging
 N - 3 scrolls of amnesia
 R - a scroll of magic mapping
 U - 5 scrolls of noise {unknown}
 X - 3 scrolls of fear
 Z - a scroll of fog {unknown}
Potions
 l - 6 potions of heal wounds
 m - 3 potions of mutation
 n - 6 potions of might
 o - 12 potions of curing
 r - 5 potions of flight
 z - 2 potions of haste
 G - a potion of cancellation
 K - a potion of invisibility
 M - a potion of magic
 O - a potion of resistance
 Q - 6 potions of berserk rage
 S - 2 potions of ambrosia
 W - a potion of brilliance
Miscellaneous
 q - a lamp of fire
 T - a fan of gales
Comestibles
 c - 18 fruits
 v - 11 chunks of flesh


   Skills:
 - Level 10.0 Fighting
 - Level 6.0 Armour
 - Level 8.0 Dodging
 - Level 2.4 Stealth
 + Level 13.8 Spellcasting
 + Level 13.3 Conjurations
 - Level 4.1 Charms
 + Level 13.3 Fire Magic
 - Level 4.1 Ice Magic


You had 6 spell levels left.
You knew the following spells:

 Your Spells              Type           Power        Failure   Level  Hunger
a - Flame Tongue          Conj/Fire      #####        0%          1    None
b - Throw Flame           Conj/Fire      ######       1%          2    None
c - Conjure Flame         Conj/Fire      ########     1%          3    None
d - Sticky Flame          Conj/Fire      ########     1%          4    None
e - Fireball              Conj/Fire      ########..   1%          5    None
f - Magic Dart            Conj           ####         0%          1    None
g - Mephitic Cloud        Conj/Pois/Air  ######..     1%          3    None
h - Throw Icicle          Conj/Ice       ######..     1%          4    None
i - Ozocubu's Armour      Chrm/Ice       #####...     2%          3    None
j - Blink                 Tloc           N/A          6%          2    None
k - Summon Small Mammal   Summ           ###.         4%          1    None
l - Bolt of Magma         Conj/Fire/Erth #######...   1%          5    None


Dungeon Overview and Level Annotations

Branches:
Dungeon (14/15)            Temple (1/1) D:5            Lair (5/6) D:10
  Swamp (0/4) Lair:4       Spider (0/4) Lair:3        Slime (0/5) Lair:5
    Orc (2/2) D:9
    Elf: Orc:2       Vaults: D:13-14

Altars:
Ashenzari
Cheibriados
Dithmenos
Elyvilon
Fedhas
Gozag
Hepliaklqana
Kikubaaqudgha
Makhleb
Nemelex Xobeh
Okawaru
Qazlal
Ru
Sif Muna
Trog
Uskayaw
Vehumet
Wu Jian
Xom
Yredelemnul
Zin
The Shining One
Jiyva

Shops:
D:11 *=[   Orc:1 (

Portals:
Trove: D:10 (give 16 potions of curing)

Annotations:
D:11 Gastronok
D:13 transporter vault
Lair:4 exclusion: oklob plant


Innate Abilities, Weirdness & Mutations

You are surrounded by a mild repulsion field. (EV +2)
Your mind is acute. (Int +2)
Your flesh is cold resistant. (rC+)
You are frail. (-10% HP)


Message History

The fireball engulfs the deep elf knight.
The deep elf knight is severely wounded.
The centaur warrior shouts!
The centaur warrior unwields an uncursed short sword.
The centaur warrior wields a shortbow.
The centaur warrior shoots an arrow.
The arrow hits you.
The centaur warrior shoots an arrow.
The arrow hits you!
You see here an arrow.
The centaur warrior shoots an arrow.
The arrow hits you but does no damage.
You see here an arrow.
The centaur warrior shoots an arrow.
The arrow hits you!
The deep elf knight points at you and mumbles some strange words.
The stone arrow hits you!
* * * LOW HITPOINT WARNING * * *
The centaur warrior shoots an arrow.
The arrow hits you!
* * * LOW HITPOINT WARNING * * *
You see here an arrow.
The deep elf knight gestures at you while chanting.
The orb of energy hits you!
You die...

.........#####........# .
...........####.......## .#
.....†..(....##....##..# ..#
.........(........####.###.#
........c........## #.....#
..................# ###....##
e....###...e......####.......#
.....# #.....#.(..##....###....#
.....####...####@.........##.#.#
#.....###...# ##...##.#..##.# #
#..........# #...##..#..# .
#.........# ...........##
#...####. ...#..#....# ##.###
... .#..#......# ###..# #..
...........# .....#
###..##..#.##......#
...y.#####....##.#..##......####


You could see a centaur warrior and a deep elf knight.

Vanquished Creatures
  Kirke (Lair:5)
  Snorg (Lair:4)
  2 fire dragons
  An ogre mage (D:14)
  A rakshasa (D:14)
  5 hydras
  Harold (Lair:4)
  Erica (Lair:2)
  2 catoblepae
  A centaur warrior (D:10)
  An orc high priest (Orc:2)
  Urug (D:13)
  5 skeletal warriors (D:11)
  3 unseen horrors
  2 orc knights
  A wolf spider (Lair:3)
  2 orc sorcerers
  3 ugly things
  2 cyclopes
  A deep elf mage (D:10)
  A manticore (D:14)
  2 black mambas
  2 gargoyles
  Maurice (D:10)
  6 spiny frogs
  3 centaur skeletons
  A kobold demonologist (D:11)
  5 komodo dragons
  2 efreet
  3 trolls
  8 hippogriffs
  2 redbacks (Lair:3)
  A wraith (D:13)
  7 hogs
  A human (D:7)
  A wyvern (Lair:5)
  A shadow (D:14)
  Grum (D:10)
  3 vampires
  A basilisk (Lair:3)
  37 yaks
  2 hungry ghosts
  5 vampire mosquitoes
  3 wargs
  An acid dragon (D:11)
  7 water moccasins
  A soldier ant (D:5)
  6 swamp worms (Lair:4)
  Duvessa (D:5)
  2 hell hounds (D:10)
  A floating eye (shapeshifter) (D:14)
  6 porcupines
  18 orc warriors
  5 phantoms
  2 sky beasts
  A meliai simulacrum (D:13)
  3 ice beasts
  An eye of draining (D:11)
  2 black bears
  A necrophage (D:8)
  9 wolves
  3 centaurs
  15 ogres
  9 crocodiles
  17 big kobolds
  The ghost of Mamutox the Sneak, an amateur SpAs (D:4)
  16 bullfrogs
  A wyvern skeleton (D:14)
  4 scorpions
  Dowan (D:5)
  17 killer bees
  3 electric eels (Lair:4)
  25 wights
  9 howler monkeys
  3 bullfrog zombies
  4 crimson imps
  2 quasits
  5 centaur zombies
  12 hounds
  19 orc priests
  4 bullfrog skeletons
  3 jellies
  25 orc wizards
  Jessica (D:3)
  Natasha (thrice) (D:4)
  13 worker ants
  2 killer bee zombies (D:5)
  Robin (D:3)
  A worker ant zombie (D:11)
  20 gnolls
  A howler monkey skeleton (D:9)
  14 adders
  4 shadow imps
  2 oozes
  3 adder zombies
  An adder skeleton (D:6)
  5 worms
  3 dart slugs
  3 leopard geckos
  97 orcs
  2 ball pythons (D:6)
  6 bats
  6 giant cockroaches
  22 goblins
  10 hobgoblins
  16 jackals
  30 kobolds
  4 quokkas
  5 frilled lizards
  A quokka skeleton (D:7)
  8 rats
  A bush (Lair:1)
  3 butterflies (D:5)
689 creatures vanquished.

Vanquished Creatures (others)
  2 humans (Lair:5)
  3 fungi
  A plant (Lair:2)
6 creatures vanquished.

Grand Total: 695 creatures vanquished

Notes
Turn   | Place    | Note
-------+----------+-------------------------------------------
     0 | D:1      | tilp the Deep Elf Fire Elementalist began the quest for the Orb.
     0 | D:1      | Reached XP level 1. HP: 10/10 MP: 6/6
    14 | D:1      | Noticed an electric eel
   118 | D:1      | Reached XP level 2. HP: 15/15 MP: 2/8
   122 | D:1      | Learned a level 2 spell: Throw Flame
   634 | D:1      | Reached XP level 3. HP: 19/19 MP: 5/10
   641 | D:1      | Learned a level 3 spell: Conjure Flame
  1798 | D:2      | Reached XP level 4. HP: 24/24 MP: 4/11
  1858 | D:2      | Learned a level 4 spell: Sticky Flame
  2447 | D:3      | Noticed Robin
  2448 | D:3      | Killed Robin
  2826 | D:3      | Reached XP level 5. HP: 28/28 MP: 6/13
  2964 | D:3      | Noticed Jessica
  2998 | D:3      | Killed Jessica
  3150 | D:3      | HP: 1/28 [orc wizard/puff of frost (10)]
  3152 | D:3      | Reached XP level 6. HP: 9/32 MP: 4/15
  3728 | D:3      | Reached skill level 5 in Spellcasting
  3728 | D:3      | Reached skill level 5 in Conjurations
  3799 | D:3      | Reached skill level 5 in Fire Magic
  4172 | D:4      | Noticed Mamutox's ghost (amateur SpAs)
  4201 | D:4      | Noticed Natasha
  4204 | D:4      | Killed Natasha
  4254 | D:4      | Killed Mamutox's ghost
  4254 | D:4      | Reached XP level 7. HP: 36/36 MP: 9/17
  4369 | D:4      | Noticed Natasha
  4373 | D:4      | Killed Natasha
  4451 | D:4      | Noticed Natasha
  4452 | D:4      | Killed Natasha
  4655 | D:5      | Entered Level 5 of the Dungeon
  4824 | D:5      | Found a staircase to the Ecumenical Temple.
  5050 | Temple   | Entered the Ecumenical Temple
  5070 | D:5      | Noticed Duvessa
  5070 | D:5      | Noticed Dowan
  5358 | D:5      | Reached XP level 8. HP: 41/41 MP: 12/20
  5365 | D:5      | Learned a level 5 spell: Fireball
  5660 | D:5      | Found a runed door.
  5672 | D:5      | Found a runed door.
  5681 | D:5      | Learned a level 1 spell: Magic Dart
  5685 | D:5      | Learned a level 3 spell: Mephitic Cloud
  6981 | D:5      | Killed Dowan
  6986 | D:5      | Killed Duvessa
  7280 | D:6      | Reached skill level 1 in Fighting
  7515 | D:6      | Reached XP level 9. HP: 48/48 MP: 13/23
 10487 | D:7      | Reached XP level 10. HP: 40/58 MP: 1/24
 11578 | D:8      | Reached skill level 10 in Conjurations
 11578 | D:8      | Reached skill level 10 in Fire Magic
 11679 | D:8      | Found a stormy altar of Qazlal.
 11690 | D:8      | Found the +5 scythe "Finisher" {speed, Str+3}
 12625 | D:9      | Learned a level 4 spell: Throw Icicle
 12864 | D:9      | Reached skill level 5 in Fighting
 13359 | D:9      | Found a staircase to the Orcish Mines.
 13797 | D:9      | Learned a level 3 spell: Ozocubu's Armour
 13935 | D:9      | Found a bloodstained altar of Trog.
 13944 | D:9      | Found a radiant altar of Vehumet.
 13961 | D:9      | Found a hazy altar of Hepliaklqana.
 13968 | D:9      | Became a worshipper of Vehumet
 14125 | D:9      | Reached skill level 1 in Charms
 14161 | D:10     | Entered Level 10 of the Dungeon
 14161 | D:10     | Noticed Maurice
 14164 | D:10     | Killed Maurice
 14164 | D:10     | Reached skill level 1 in Ice Magic
 14325 | D:10     | Noticed Grum
 14510 | D:10     | Killed Grum
 14510 | D:10     | Reached XP level 11. HP: 62/64 MP: 5/26
 14750 | D:10     | Found a staircase to the Lair.
 14903 | D:10     | Noticed a centaur warrior
 14913 | D:10     | Killed a centaur warrior
 15951 | D:10     | Found a portal to a secret trove of treasure.
 15970 | D:10     | Noticed a deep elf mage
 16125 | D:10     | Reached skill level 10 in Spellcasting
 16163 | D:10     | Killed a deep elf mage
 16272 | D:10     | Noticed a fire dragon
 16401 | D:10     | Reached * piety under Vehumet
 16401 | D:10     | Offered knowledge of Shock by Vehumet.
 16418 | D:10     | Learned a level 2 spell: Blink
 16915 | Lair:1   | Entered Level 1 of the Lair of Beasts
 18004 | Lair:2   | Noticed an eight-headed hydra
 18012 | Lair:2   | Killed an eight-headed hydra
 18512 | Lair:2   | Noticed Erica
 18534 | Lair:2   | Killed Erica
 18534 | Lair:2   | Reached XP level 12. HP: 29/71 MP: 1/29
 19583 | Lair:3   | Noticed a six-headed hydra
 19592 | Lair:3   | Killed a four-headed hydra
 19599 | Lair:3   | Got a twisted cloak
 19674 | Lair:2   | Identified the +4 cloak of the Game of Kings {+Inv rF+} (You found it on level 3 of the Lair of Beasts)
 19809 | Lair:3   | Found a hole to the Spider Nest.
 20831 | Lair:4   | Reached skill level 1 in Armour
 20841 | Lair:4   | Offered knowledge of Searing Ray by Vehumet.
 21046 | Lair:4   | Reached ** piety under Vehumet
 21250 | Lair:4   | Noticed a four-headed hydra
 21259 | Lair:4   | Killed a three-headed hydra
 21503 | Lair:4   | Noticed a catoblepas
 21515 | Lair:4   | Killed a catoblepas
 21631 | Lair:4   | Noticed Harold
 21644 | Lair:4   | Killed Harold
 21984 | Lair:4   | Noticed Snorg
 21991 | Lair:4   | Killed Snorg
 21991 | Lair:4   | Reached skill level 5 in Dodging
 22468 | Lair:4   | Found a staircase to the Swamp.
 23405 | Lair:5   | Noticed a four-headed hydra
 23415 | Lair:5   | Killed a four-headed hydra
 23572 | Lair:5   | Noticed Kirke
 23581 | Lair:5   | Killed Kirke
 23581 | Lair:5   | Reached XP level 13. HP: 75/80 MP: 2/31
 23581 | Lair:5   | Found a viscous altar of Jiyva.
 23582 | Lair:5   | Found a staircase to the Slime Pits.
 24470 | Orc:1    | Entered Level 1 of the Orcish Mines
 24750 | D:9      | Offered knowledge of Static Discharge by Vehumet.
 25085 | Orc:1    | Reached *** piety under Vehumet
 25253 | Orc:1    | Found Otrogig's Antique Weapon Emporium.
 25440 | Orc:2    | Entered Level 2 of the Orcish Mines
 25584 | Orc:2    | Offered knowledge of Dazzling Spray by Vehumet.
 26178 | Orc:2    | Reached skill level 5 in Armour
 26296 | Orc:2    | Noticed an orc warlord
 26317 | Orc:2    | Reached **** piety under Vehumet
 26325 | Orc:2    | Offered knowledge of Lightning Bolt by Vehumet.
 26461 | Orc:1    | Cast into level 3 of the Abyss (orc warlord)
 26486 | Orc:1    | Escaped the Abyss
 27314 | D:11     | Found a flickering gateway to a bazaar.
 27355 | Bazaar   | Entered a bazaar
 27364 | Bazaar   | Found Noetyxee's Jewellery Shop.
 27364 | Bazaar   | Found Leegg's Magic Scroll Boutique.
 27371 | Bazaar   | Got an ancient bronze ring
 27389 | Bazaar   | Bought a scroll of identify for 40 gold pieces
 27389 | Bazaar   | Bought a scroll of identify for 40 gold pieces
 27389 | Bazaar   | Bought a scroll of teleportation for 60 gold pieces
 27389 | Bazaar   | Bought a scroll of identify for 40 gold pieces
 27389 | Bazaar   | Bought a scroll of teleportation for 60 gold pieces
 27391 | Bazaar   | Bought a +4 ring of intelligence for 351 gold pieces
 27394 | Bazaar   | Identified the ring "Wyvene Acomy" {Str+3 SInv} (You found it in a bazaar)
 27869 | D:11     | Gained mutation: You possess an exceptional clarity of mind. [mutagenic meat]
 27870 | D:11     | Lost mutation: You possess an exceptional clarity of mind. [mutagenic meat]
 27871 | D:11     | Gained mutation: You have a pair of small horns on your head. [mutagenic meat]
 27880 | D:11     | Learned a level 1 spell: Summon Small Mammal
 27976 | D:11     | Found Nihehoh's Armour Shoppe.
 28132 | D:11     | Found Fulology's Jewellery Boutique.
 28268 | D:11     | Reached ***** piety under Vehumet
 28268 | D:11     | Reached skill level 10 in Fighting
 28276 | D:11     | Offered knowledge of Poison Arrow by Vehumet.
 28672 | D:10     | Killed a fire dragon
 28835 | D:11     | Noticed Gastronok
 28890 | D:11     | Found Kiorec's Assorted Antiques.
 28899 | D:11     | Bought a scroll of identify for 60 gold pieces
 29269 | D:11     | Bought the ring "Ofoag" {rElec rF- rC+ MR++ Dex+3} for 571 gold pieces
 29299 | D:11     | Bought a potion of curing for 90 gold pieces
 30040 | Lair:1   | Learned a level 5 spell: Bolt of Magma
 30140 | D:13     | Reached XP level 14. HP: 79/88 MP: 29/32
 30278 | D:13     | Gained mutation: You are weak. (Str -2) [mutagenic meat]
 30280 | D:13     | Gained mutation: You have supernaturally acute eyesight. (SInv) [mutagenic meat]
 30281 | D:13     | Gained mutation: You are surrounded by a mild repulsion field. (EV +2) [mutagenic meat]
 30282 | D:13     | Lost mutation: You are weak. (Str -2) [potion of mutation]
 30282 | D:13     | Lost mutation: You have a pair of small horns on your head. [potion of mutation]
 30282 | D:13     | Lost mutation: You have supernaturally acute eyesight. (SInv) [potion of mutation]
 30282 | D:13     | Gained mutation: You are frail. (-10% HP) [potion of mutation]
 30282 | D:13     | Gained mutation: Your mind is acute. (Int +2) [potion of mutation]
 30282 | D:13     | Gained mutation: Your flesh is cold resistant. (rC+) [potion of mutation]
 30706 | D:13     | Found a transporter.
 30764 | D:13     | Noticed Urug
 30785 | D:13     | Killed Urug
 31044 | D:13     | Found a transporter.
 31053 | D:13     | Noticed a tengu reaver
 31054 | D:13     | Noticed a stone giant
 31056 | D:13     | Noticed an iron dragon
 32708 | D:14     | Killed from afar by a deep elf knight

Vault maps used:
D:1:      arrival_aquarium_a, solitary_fountain, minmay_misc_feat_square
D:3:      first_bread, dk_noncrumbling_2, uniq_jessica, uniq_robin
D:4:      uniq_natasha
D:5:      lemuel_insect_pit, minmay_temple_entry_grid, uniq_duvessa
D:6:      st_stairs_1
D:7:      minmay_flawed_box, grunt_livestock
D:8:      grunt_qazlal_clouds
D:9:      minmay_overflow_temple_star_quad, erik_orc_4
D:10:     minmay_lair_entry_lava, enter_trove_1, minivault_28, uniq_grum,
          uniq_maurice
D:11:     serial_shops, bzr_entry_gold, nicolae_shop_window_shopping, shop,
          kennysheep_mini, uniq_gastronok
D:13:     gammafunk_dig_for_victory, portal_ice_cave_entry_pillars_2,
          minmay_misc_feat_roman, uniq_urug
D:14:     hangedman_vaults_entry_quadrant_bands,
          hangedman_abyss_or_decor_lesser_grid
Temple:   nicolae_temple_no_exploring_needed
Lair:1:   beast_lair_carwin_6, grunt_megastairs_3, lemuel_fruit_tree,
          serial_bayou_shore_a
Lair:2:   serial_bayou_shore_b, uniq_erica
Lair:3:   spider_nest_entry_funnel_web
Lair:4:   nicolae_swamp_entry_splash_gauntlet, nicolae_quartered_pool_medium,
          minmay_lair_oklob_chamber, lemuel_fruit_fields, uniq_snorg,
          uniq_harold
Lair:5:   dpeg_slime_entry_enclosed_altar, uniq_kirke
Orc:1:    serial_shops, shop, nicolae_orc_lava_room
Orc:2:    grunt_orc_community_town_hall, grunt_orc_community_big_house_2,
          grunt_orc_community_big_house_2, grunt_orc_community_house_3,
          grunt_orc_community_house_2, grunt_orc_community_house_3,
          grunt_orc_community_house_3, grunt_orc_community_house_3,
          grunt_orc_community_house_3, basic_altar, nicolae_orc_bridge_out
Abyss:3:  guppyfry_abyss_exit_spiral_guarded, grunt_abyss_exit_deep_breaths
Bazaar:   bazaar_mystics

Skill      XL: |  1  2  3  4  5  6  7  8  9 10 11 12 13 14 |
---------------+-------------------------------------------+-----
Conjurations   | 2 3 4 5 6 8 9 10 11 12 13 | 13.3
Fire Magic     | 4 5 6 8 9 10 11 12 13 | 13.3
Spellcasting   | 4 5 7 8 9 11 12 13 | 13.8
Fighting       | 1 4 5 6 8 10 | 10.0
Charms         | 2 4 |  4.1
Ice Magic      | 2 4 |  4.1
Armour         | 3 6 |  6.0
Dodging        | 6 8 |  8.0
Stealth        | |  2.4

Action                   |  1- 3 |  4- 6 |  7- 9 | 10-12 | 13-15 || total
-------------------------+-------+-------+-------+-------+-------++-------
Melee: Dagger            |     8 |     1 |   135 |    58 |       ||   202
       Scythe            |       |       |       |   182 |   314 ||   496
       Trident           |       |       |       |    14 |       ||    14
       Scimitar          |       |       |       |     3 |     2 ||     5
       Headbutt          |       |       |       |       |    29 ||    29
       Staff             |       |       |       |       |    35 ||    35
Throw: Javelin           |       |       |       |       |     3 ||     3
 Cast: Flame Tongue      |    49 |   101 |   260 |   240 |   144 ||   794
       Throw Flame       |    17 |    27 |    45 |   103 |    80 ||   272
       Conjure Flame     |     2 |     3 |    19 |    64 |    22 ||   110
       Sticky Flame      |       |     1 |     7 |    55 |   113 ||   176
       Fireball          |       |       |    10 |    57 |    72 ||   139
       Mephitic Cloud    |       |       |     1 |       |       ||     1
       Throw Icicle      |       |       |       |    16 |    15 ||    31
       Magic Dart        |       |       |       |     2 |       ||     2
       Ozocubu's Armour  |       |       |       |     3 |       ||     3
       Blink             |       |       |       |       |     4 ||     4
       Bolt of Magma     |       |       |       |       |     3 ||     3
Evoke: Wand              |       |       |     8 |     3 |     5 ||    16
       Lamp of fire      |       |       |       |       |     1 ||     1
  Use: Scroll            |       |     1 |    15 |    12 |    10 ||    38
       Potion            |       |     1 |       |     1 |     6 ||     8
 Stab: Sleeping          |       |       |     1 |       |     2 ||     3
       Distracted        |       |       |       |     1 |       ||     1
  Eat: Chunk             |     3 |     8 |    17 |    31 |    27 ||    86
       Royal jelly       |       |       |     2 |     4 |     1 ||     7
       Meat ration       |       |       |       |     2 |     1 ||     3
       Bread ration      |       |       |       |     1 |     1 ||     2
Armor: Robe              |     2 |       |    36 |    68 |       ||   106
       Troll leather arm |       |       |       |    20 |       ||    20
       Ring mail         |       |       |       |    35 |    47 ||    82
       Acid dragon scale |       |       |       |       |   168 ||   168
Dodge: Dodged            |    11 |    10 |   114 |   239 |   413 ||   787
       Rpst.: Scimitar   |       |       |       |     1 |       ||     1

Table legend:
 A = Spawn XP
 B = Non-spawn XP
 C = Spawn XP percentage of total XP
 D = Spawn monster count
 E = Non-spawn monster count
 F = Spawn count percentage of total count
 G = Total turns spent on level
                    A         B        C        D         E        F      G
               +---------+---------+-------+---------+---------+-------+---------
         Total |       0 |   81382 |   0.0 |       0 |     685 |   0.0 | 32708
               +---------+---------+-------+---------+---------+-------+---------
           D:1 |       0 |      53 |   0.0 |       0 |      27 |   0.0 |  1194
           D:2 |       0 |      77 |   0.0 |       0 |      26 |   0.0 |  1197
           D:3 |       0 |     398 |   0.0 |       0 |      47 |   0.0 |  1587
           D:4 |       0 |     370 |   0.0 |       0 |      12 |   0.0 |   685
           D:5 |       0 |    1412 |   0.0 |       0 |      45 |   0.0 |  2452
           D:6 |       0 |    1237 |   0.0 |       0 |      27 |   0.0 |  1844
           D:7 |       0 |    2322 |   0.0 |       0 |      36 |   0.0 |  1918
           D:8 |       0 |    1279 |   0.0 |       0 |      30 |   0.0 |  1815
           D:9 |       0 |    2273 |   0.0 |       0 |      53 |   0.0 |  2444
          D:10 |       0 |    8533 |   0.0 |       0 |      49 |   0.0 |  2535
          D:11 |       0 |   11766 |   0.0 |       0 |      75 |   0.0 |  2048
          D:12 |       0 |    3067 |   0.0 |       0 |      19 |   0.0 |   832
          D:13 |       0 |    8727 |   0.0 |       0 |      53 |   0.0 |  1310
          D:14 |       0 |    8501 |   0.0 |       0 |      32 |   0.0 |  1165
        Lair:1 |       0 |    1876 |   0.0 |       0 |       9 |   0.0 |  1269
        Lair:2 |       0 |    5259 |   0.0 |       0 |      20 |   0.0 |  1454
        Lair:3 |       0 |    4043 |   0.0 |       0 |      13 |   0.0 |  1296
        Lair:4 |       0 |    7489 |   0.0 |       0 |      25 |   0.0 |  2371
        Lair:5 |       0 |    5392 |   0.0 |       0 |      13 |   0.0 |  1113
         Orc:1 |       0 |    2779 |   0.0 |       0 |      28 |   0.0 |  1556
         Orc:2 |       0 |    4529 |   0.0 |       0 |      46 |   0.0 |   525
               +---------+---------+-------+---------+---------+-------+---------
